 Dungeon Crawl Stone Soup version 0.31-a0-1096-g246cf01 (webtiles) character file.

Game seed: 8069198026105109670

5506 PidgeyThePirate the Unseen (level 11, -6/96 HPs)
             Began as a Kobold Brigand on Nov 29, 2023.
             Was a Priest of Wu Jian.
             Mangled by Amaemon
             ... wielding a +1 demon whip of venom
              (7 damage)
             ... on level 9 of the Dungeon.
             The game lasted 00:31:50 (9331 turns).

PidgeyThePirate the Unseen (Kobold Brigand)         Turns: 9331, Time: 00:31:50

Health: -6/96      AC:  9    Str: 12    XL:     11   Next: 1%
Magic:  0/11       EV: 17    Int: 13    God:    Wu Jian [***...]
Gold:   353        SH:  0    Dex: 23    Spells: 8/10 levels left

rFire   . . .        m - +2 dagger (venom)
rCold   + . .        (no shield)
rNeg    . . .        N - +2 leather armour {rC+}
rPois   .            y - +0 helmet
rElec   .            c - +0 cloak
rCorr   .            (no gloves)
SInv    .            K - +0 pair of boots
Will    .....        x - amulet of guardian spirit Stlth
                     q - +6 ring of dexterity
HPRegen 0.36/turn    L - ring of wizardry
MPRegen 0.12/turn

%: guardian spirit, wizardry (x1)
@: berserking (expiring), lethally poisoned (-6 -> -11), exhausted, slowed
A: small, no large weapons, nightstalker 3
a: Renounce Religion, Wall Jump, Serpent's Lash


You were on level 9 of the Dungeon.
You worshipped Wu Jian.
Wu Jian was most pleased with you.
You visited 2 branches of the dungeon, and saw 10 of its levels.
You also visited: Sewer and Ossuary.

You collected 501 gold pieces.
You spent 148 gold pieces at shops.

Inventory:

Hand Weapons
 a - a +2 dagger
 m - a +2 dagger of venom (weapon)
 p - a +0 rapier
 s - a +2 short sword of speed
 u - a +0 demon trident
Missiles
 d - 45 poisoned darts
 e - 2 curare-tipped darts (quivered)
 Q - 2 throwing nets
Armour
 b - a +0 robe
 c - a +0 cloak (worn)
 g - a +0 leather armour
 r - a +0 ring mail of willpower
 y - a +0 helmet (worn)
 K - a +0 pair of boots (worn)
 N - a +2 leather armour of cold resistance (worn)
Jewellery
 q - a +6 ring of dexterity (left hand)
 w - a ring of fire
 x - an amulet of guardian spirit (around neck)
 L - a ring of wizardry (right hand)
Talismans
 E - a maw talisman
Wands
 G - a wand of flame (33)
 M - a wand of light (1)
Scrolls
 f - 2 scrolls of revelation {unknown}
 k - a scroll of immolation {unknown}
 l - 4 scrolls of fog {unknown}
 t - 4 scrolls of enchant armour
 v - 2 scrolls of torment {unknown}
 A - a scroll of vulnerability {unknown}
 D - a scroll of fear {unknown}
 F - 6 scrolls of teleportation {unknown}
 O - a scroll of butterflies {unknown}
 P - 2 scrolls of noise {unknown}
 R - a scroll of blinking {unknown}
Potions
 h - a potion of curing
 i - a potion of berserk rage
 j - a potion of lignification
 n - 2 potions of enlightenment
 o - 3 potions of brilliance
 z - 3 potions of mutation
 B - a potion of haste
 C - 3 potions of ambrosia
 H - 4 potions of resistance
 I - 2 potions of might
 J - 2 potions of invisibility
 S - 3 potions of attraction
 T - a potion of heal wounds


   Skills:
 + Level 6.2 Fighting
 + Level 9.7 Short Blades
 + Level 2.8 Throwing
 + Level 4.5 Armour
 + Level 5.0 Dodging
 + Level 15.5 Stealth
 + Level 0.4 Spellcasting
 + Level 0.4 Hexes
 + Level 0.4 Ice Magic


You had 8 spell levels left.
You knew the following spells:

 Your Spells              Type           Power      Damage    Failure   Level
a - Ensorcelled Hibernat  Hex/Ice        2%         N/A       19%         2

Your spell library contained the following spells:

 Spells                   Type           Power      Damage    Failure   Level
 Magic Dart               Conj           0%         1d3       16%         1
 Jinxbite                 Hex            2%         N/A       19%         2
 Call Imp                 Summ           0%         N/A       22%         2
 Lesser Beckoning         Tloc           0%         N/A       22%         2
 Poisonous Vapours        Pois/Air       0%         N/A       22%         2
 Wereblood                Tmut           0%         N/A       22%         2
 Tukima's Dance           Hex            1%         N/A       34%         3
 Gell's Gravitas          Tloc           0%         N/A       41%         3
 Mephitic Cloud           Conj/Pois/Air  0%         N/A       41%         3
 Teleport Other           Tloc           0%         N/A       41%         3
 Anguish                  Hex/Necr       0%         N/A       77%         4
 Passage of Golubria      Tloc           0%         N/A       80%         4
 Vhi's Electric Charge    Tloc/Air       0%         N/A       80%         4
 Arcjolt                  Conj/Air       0%         1d10      98%         5
 Freezing Cloud           Conj/Ice/Air   0%         6-21      98%         5
 Irradiate                Conj/Tmut      0%         3d11      98%         5
 Yara's Violent Unravell  Hex/Tmut       0%         3d3       98%         5
 Maxwell's Capacitive Co  Air            0%         ∞         100%        8


Dungeon Overview and Level Annotations

Branches:
Dungeon (9/15)             Temple (1/1) D:7            Lair (0/5) D:9
  Sewer (visited)         Ossuary (visited)
    Orc: D:9-12

Altars:
Dithmenos
Fedhas
Gozag
Hepliaklqana
Kikubaaqudgha
Makhleb
Nemelex Xobeh
Okawaru
Qazlal
Ru
Sif Muna
Uskayaw
Vehumet
Wu Jian
Xom
Yredelemnul
Zin
The Shining One

Shops:
D:7 ?

Annotations:
D:9 Amaemon


Innate Abilities, Weirdness & Mutations

You are small and have problems with some larger weapons.
You are completely attuned to the shadows.


Message History

You kill the scorpion!
The scorpion's corpse disappears in a puff of smoke!
The scorpion stings you.
* * * LOW HITPOINT WARNING * * *
You barely miss the scorpion.
* * * LOW HITPOINT WARNING * * *
You feel sick. The scorpion misses you. x2
The scorpion stings you but does no damage.
You puncture the scorpion!
The scorpion is poisoned.
The scorpion is heavily wounded.
* * * LOW HITPOINT WARNING * * *
You feel sick. The orange demon misses you.
You barely miss the scorpion.
The scorpion is severely wounded.
* * * LOW HITPOINT WARNING * * *
You feel sick. The scorpion closely misses you. x2
The scorpion completely misses you.
You puncture the scorpion!
You kill the scorpion!
The scorpion's corpse disappears in a puff of smoke!
* * * LOW HITPOINT WARNING * * *
You feel sick. The orange demon closely misses you. The scorpion misses you.
The scorpion closely misses you.
You lunge at the scorpion, in a flurry of attacks.
You hit the scorpion.
The scorpion is poisoned.
The scorpion is moderately wounded.
You puncture the scorpion!
The scorpion looks as sick as possible!
The scorpion is almost dead.
You spin and attack the scorpion repeatedly.
You hit the scorpion but do no damage.
The scorpion is poisoned.
You barely miss the scorpion.
You spin and attack the scorpion repeatedly.
You hit the scorpion but do no damage. You hit the scorpion.
The scorpion is moderately wounded.
* * * LOW HITPOINT WARNING * * *
You feel very sick.
You kill the scorpion!
The scorpion's corpse disappears in a puff of smoke!
Amaemon hits you with a +1 demon whip of venom!
You die...

#....#
.#...(#
'....#
#...(#
#4##.#
#ss6.#######
#.@§s<.....#
#####.##...#
#.##...#...#
#.##...#...#
#......#...+
#......#...#
......#'###
# .........#
# ###..###.#
#


You could see Amaemon (extremely poisoned), an orange demon and 3 scorpions.

Vanquished Creatures
  Joseph (D:7)
  9 yaks
  2 wyverns
  Grum (D:8)
  2 steam dragons
  Menkaure (Ossuary)
  3 water moccasins
  2 orc warriors
  2 sky beasts
  2 ice beasts
  2 centaurs
  2 wolves (D:8)
  2 phantoms
  3 kobold brigands
  3 bullfrogs
  6 scorpions
  4 wights (D:8)
  A hound (D:7)
  A gnoll bouda (D:4)
  A jelly (D:6)
  3 orc priests
  Jessica (D:2)
  2 iguanas (D:6)
  3 sleepcaps
  3 mummies (Ossuary)
  Robin (D:4)
  13 gnolls
  8 adders
  4 white imps
  4 ufetubi
  6 worms
  4 dart slugs
  13 orcs
  6 ball pythons
  8 endoplasms
  6 giant cockroaches
  9 goblins
  8 hobgoblins
  6 jackals (D:1)
  7 quokkas
  5 bats
  2 frilled lizards
  5 gnoll skeletons (Ossuary)
  5 gnoll zombies (Ossuary)
  3 goblin skeletons (Ossuary)
  3 goblin zombies (Ossuary)
  4 hobgoblin skeletons (Ossuary)
  A hobgoblin zombie (Ossuary)
  24 kobolds
  3 kobold skeletons (Ossuary)
  6 kobold zombies (Ossuary)
  3 orc skeletons (Ossuary)
  3 orc zombies (Ossuary)
  9 rats
  7 rat skeletons (Ossuary)
  7 rat zombies (Ossuary)
255 creatures vanquished.

Notes
Turn   | Place    | Note
-------+----------+-------------------------------------------
     0 | D:1      | PidgeyThePirate the Kobold Brigand began the quest for the
                  | Orb.
     0 | D:1      | Reached XP level 1. HP: 12/12 MP: 1/1
    86 | D:1      | Reached XP level 2. HP: 18/18 MP: 2/2
    99 | D:1      | Reached skill level 6 in Stealth
   297 | D:1      | Reached XP level 3. HP: 22/22 MP: 3/3
   810 | D:2      | Noticed Jessica
   814 | D:2      | Killed Jessica
   815 | D:2      | Reached XP level 4. HP: 27/27 MP: 4/4
   962 | D:2      | Reached skill level 7 in Stealth
  1601 | D:3      | Reached XP level 5. HP: 31/31 MP: 5/5
  2549 | D:4      | Reached skill level 1 in Armour
  2549 | D:4      | Reached skill level 8 in Stealth
  2549 | D:4      | Reached XP level 6. HP: 29/36 MP: 6/6
  2636 | D:4      | Found a radiant altar of Vehumet.
  2636 | D:4      | Found a sacrificial altar of Ru.
  2658 | D:4      | Noticed Robin
  2682 | D:4      | Killed Robin
  3412 | D:5      | Entered Level 5 of the Dungeon
  3569 | D:5      | Reached XP level 7. HP: 41/41 MP: 7/7
  3592 | D:5      | Reached skill level 9 in Stealth
  4292 | D:5      | Reached skill level 5 in Short Blades
  4465 | D:5      | Reached XP level 8. HP: 35/46 MP: 6/8
  4690 | D:6      | Reached skill level 10 in Stealth
  4904 | D:6      | Found a glowing drain.
  4975 | Sewer    | Entered a sewer
  5641 | D:6      | Reached XP level 9. HP: 33/52 MP: 6/9
  6333 | D:7      | Reached skill level 11 in Stealth
  6335 | D:7      | Found a staircase to the Ecumenical Temple.
  6346 | Temple   | Entered the Ecumenical Temple
  6366 | Temple   | Became a worshipper of the Wu Jian Council
  6482 | D:7      | Found Waolicze's Magic Scroll Boutique.
  6482 | D:7      | Noticed Joseph
  6484 | D:7      | Killed Joseph
  6503 | D:7      | Bought a scroll of identify for 22 gold pieces
  6503 | D:7      | Bought a scroll of enchant armour for 82 gold pieces
  6503 | D:7      | Bought a scroll of identify for 22 gold pieces
  6503 | D:7      | Bought a scroll of identify for 22 gold pieces
  6681 | D:7      | Reached skill level 12 in Stealth
  6911 | D:7      | Reached skill level 5 in Fighting
  7275 | D:8      | Found a hazy altar of Hepliaklqana.
  7276 | D:8      | Found an opulent altar of Gozag.
  7276 | D:8      | Found a shimmering blue altar of Sif Muna.
  7349 | D:8      | Reached * piety under Wu Jian
  7355 | D:8      | Reached XP level 10. HP: 59/59 MP: 10/10
  7357 | D:8      | Reached skill level 13 in Stealth
  7543 | D:8      | Found a sand-covered staircase.
  7549 | Ossuary  | Entered an ossuary
  7661 | Ossuary  | Reached ** piety under Wu Jian
  7777 | Ossuary  | Noticed Menkaure
  7806 | Ossuary  | Killed Menkaure
  7817 | Ossuary  | Reached skill level 14 in Stealth
  8064 | D:8      | Noticed Grum
  8067 | D:8      | Killed Grum
  8376 | D:8      | Learned a level 2 spell: Ensorcelled Hibernation
  8578 | D:9      | Found a staircase to the Lair.
  8660 | D:9      | Reached skill level 15 in Stealth
  8720 | D:9      | Reached *** piety under Wu Jian
  8970 | D:9      | Reached skill level 5 in Dodging
  9156 | D:9      | Reached XP level 11. HP: 47/64 MP: 9/11
  9301 | D:9      | Noticed Amaemon
  9330 | D:9      | HP: 4/96 [poisoned by Amaemon]
  9331 | D:9      | HP: 1/96 [poisoned by Amaemon]
  9331 | D:9      | Mangled by Amaemon

Illustrated notes

Levels and vault maps discovered:
D:1:      mrwooster_arrival_statue_3, layout_loops_ring
D:2:      layout_loops_cross, serial_bayou_crossing, uniq_jessica
D:3:      layout_loops_ring, kennysheep_flooded_box,
          minmay_misc_feat_secret_circle, corexii_corridor_pit,
          grunt_ministairs_7
D:4:      layout_basic, gammafunk_temple_overflow_statue, uniq_robin
D:5:      layout_loops_cross
D:6:      layout_loops_ring, portal_sewer_entry_f
D:7:      layout_loops_ring, minmay_temple_entry_overgrown, serial_shops, shop,
          uniq_joseph
D:8:      layout_loops_ring, chequers_temple_overflow_statue_of_worship,
          mainiacjoe_ossuary_entry_dusty_tomb, uniq_grum
D:9:      layout_stronghold, cheibrodos_ashenzari_chains,
          minmay_lair_entry_grove, uniq_maurice, uniq_erica, uniq_amaemon
Temple:   dshaligram_water_room_temple

Skill      XL: |  1  2  3  4  5  6  7  8  9 10 |
---------------+-------------------------------+-----
Stealth        | 6 7 8 9 10 12 15 | 15.5
Short Blades   | 3 4 5 6 7 9 |  9.7
Armour         | 1 2 3 4 |  4.5
Fighting       | 3 4 5 6 |  6.2
Dodging        | 2 3 4 5 |  5.0
Throwing       | |  2.8
Spellcasting   | |  0.4
Hexes          | |  0.4
Ice Magic      | |  0.4

Action                     |  1- 3 |  4- 6 |  7- 9 | 10-12 || total
---------------------------+-------+-------+-------+-------++-------
  Melee: Dagger            |    52 |   124 |   289 |   218 ||   683
         Punch             |       |     1 |     5 |     7 ||    13
         Short sword       |       |       |    55 |   104 ||   159
  Throw: Dart              |       |     9 |       |     9 ||    18
   Cast: Ensorcelled Hiber |       |       |       |     2 ||     2
 Invoke: Serpent's Lash    |       |       |       |     2 ||     2
Ability: Lunge             |       |       |    16 |    52 ||    68
         Whirlwind         |       |       |       |    19 ||    19
         Wall Jump         |       |       |       |     2 ||     2
    Use: Potion            |       |     3 |       |     6 ||     9
         Scroll            |       |       |     8 |     5 ||    13
   Stab: Sleeping          |    18 |    35 |    26 |    52 ||   131
         Distracted        |       |       |     1 |       ||     1
 Armour: Robe              |     1 |       |       |       ||     1
         Leather armour    |     6 |     1 |    20 |    70 ||    97
         Ring mail         |       |    71 |   144 |       ||   215
  Dodge: Dodged            |    24 |    66 |   201 |   122 ||   413

Table legend: (Time is in decaauts)
 A = Elapsed time spent in this place.
 B = Non-inter-level travel time spent in this place.
 C = Inter-level travel time spent in this place.
 D = Time resting spent in this place.
 E = Time spent auto-exploring this place.
 F = Levels seen in this place.
 G = Mean time per level.
                   A        B        C        D        E       F      G
               +--------+--------+--------+--------+--------+-----+--------+
         Total |   9186 |   8665 |    521 |      0 |   6516 |  12 |  765.5 |
       Dungeon |   8304 |   7783 |    521 |      0 |   6051 |   9 |  922.7 |
        Temple |     40 |     40 |      0 |      0 |      0 |   1 |   40.0 |
         Sewer |    542 |    542 |      0 |      0 |    418 |   1 |  542.0 |
       Ossuary |    299 |    299 |      0 |      0 |     46 |   1 |  299.0 |
               +--------+--------+--------+--------+--------+-----+--------+

Top non-repeatable levels by time:
     D:6: 1098 daAuts
     D:5: 1088 daAuts
     D:4: 1048 daAuts
     D:7: 975 daAuts
     D:3: 896 daAuts
     D:9: 842 daAuts
     D:8: 799 daAuts
     D:1: 789 daAuts
     D:2: 765 daAuts
   Sewer: 542 daAuts
 Ossuary: 299 daAuts
  Temple: 40 daAuts
